 Dungeon Sprint DCSS version 0.17-a0-1056-g838d5c0 (webtiles) character file.

13700000 Vrock the Axe Maniac (level 27, -279/199 HPs)
             Began as a Gargoyle Gladiator on May 16, 2015.
             Was the Champion of Makhleb.
             Annihilated by a fleshlord
             ... wielding a +9 great mace
              (367 damage)
             ... in the Dungeon (Sprint VIII: "Arena of Blood").
             The game lasted 00:12:19 (137 turns).

Vrock the Axe Maniac (Gargoyle Gladiator)            Turns: 137, Time: 00:12:20

Health: -279/199   AC: 29    Str: 32    XL:     27
Magic:  47/54      EV: 24    Int:  9    God:    Makhleb [******]
Gold:   0          SH:  0    Dex: 10    Spells: 0 memorised, 80 levels left

rFire  . . .     SeeInvis +     l - +∞ Axe of Woe
rCold  . . .     Clarity  .     b - +0 leather armour
rNeg   + . .     SustAb   .     (no shield)
rPois  ∞         Gourm    .     c - +0 helmet
rElec  +         Spirit   .     (no cloak)
rCorr  .         Warding  .     (no gloves)
rMut   .         NoTele   +     (no boots)
MR     ++...                    (no amulet)
Stlth  +++++++++.               (no ring)
                                h - ring of see invisible

@: very slightly contaminated, slowed, very slow, very resistant to hostile
enchantments, incredibly stealthy
A: big wings, negative energy resistance 1, electricity resistance, unbreathing,
petrification resistance, rot immunity, AC +20
a: Fly, Minor Destruction, Lesser Servant of Makhleb, Major Destruction, Greater
Servant of Makhleb, Renounce Religion


You were in the Dungeon.
You worshipped Makhleb.
Makhleb was exalted by your worship.
You were not hungry.

You visited 1 branch

Inventory:

Hand weapons
 a - a +0 war axe
 l - the +∞ Axe of Woe (weapon)
   (You found it in the Dungeon)
Missiles
 d - 3 throwing nets (quivered)
Armour
 b - a +0 leather armour (worn)
 c - a +0 helmet (worn)
Jewellery
 h - a ring of see invisible (left hand)
Potions
 f - a potion of curing
 g - a potion of heal wounds
 i - 2 potions of magic
 j - a potion of berserk rage
Comestibles
 e - a bread ration


   Skills:
 O Level 27 Fighting
 O Level 27 Axes
 O Level 27 Throwing
 O Level 27 Armour
 O Level 27 Dodging
 O Level 27 Stealth
 O Level 27 Unarmed Combat
 O Level 27 Spellcasting
 O Level 27 Invocations


You had 80 spell levels left.
You didn't know any spells.

Dungeon Overview and Level Annotations

Branches:
Dungeon (1/1)

Altars:
Makhleb


Innate Abilities, Weirdness & Mutations

You are resistant to torment.
Your stone body is resilient (AC +20).
You are immune to poison.
Your large and strong wings let you fly indefinitely.
You resist negative energy.
You are resistant to electric shocks.
You can survive without breathing.
You are immune to petrification.
You are immune to rotting.


Message History

You carve the crawling corpse like a ham!!!
You dissect the crawling corpse like a pig carcass.
You destroy the crawling corpse!
The observer appears out of thin air!
An observer comes into view.
You hear a shout! x4
The eight-headed meat hydra calls on the powers of darkness!
The eight-headed meat hydra convulses! x2
The bag of meat convulses!
The fleshlord convulses!
Your body is wracked with pain!
The fleshlord convulses!
The observer convulses!
The bag of meat convulses!
The bag of meat convulses!
The bag of meat convulses!
The eight-headed meat hydra calls on the powers of darkness!
The eight-headed meat hydra convulses! x2
The bag of meat convulses!
The fleshlord convulses!
Your body is wracked with pain!
The fleshlord convulses!
The observer convulses!
The bag of meat convulses!
The bag of meat convulses!
The fleshlord hits you with a +9 great mace!!!!!!
Ouch! That really hurt!
You die...

#############
.......W..DD####
.....X.Ox.XxWX.####
.##)##X#####.opX@.#
...X.X.)))))XX.Lp....#
...##x##.))X..G.o.......
....))%.........o.o.....
%.D..#%#.......#........
))%..........####zMo....
))).%..........


oD..... )))...%.......O. o.o#G.. )))............. You could see an accursed, a
tyrant, 3 eight-headed meat hydras, 2 observers, 2 fleshlords, a sculptor of
flesh, 6 large abominations, a wretched soul (invisible) and 8 bags of meat.

Vanquished Creatures
  9 hell beasts (D)
  4 greater mummies (D)
  A great orb of eyes (D)
  4 wraiths (D)
  12 vampire knights (D)
  30 ogres (D)
  3 liches (D)
  3 hydras (D)
  82 orcs (D)
  3 phantoms (D)
  7 hill giants (D)
  4 skeletal warriors (D)
  A sea snake (D)
  3 tentacled monstrosities (D)
  12 large abominations (D)
  A reaper (D)
  6 small abominations (D)
  19 crawling corpses (D)
204 creatures vanquished.

Vanquished Creatures (others)
  An ogre (D)
  4 orcs (D)
  A small abomination (D)
  2 large abominations (D)
  9 crawling corpses (D)
17 creatures vanquished.

Grand Total: 221 creatures vanquished

Notes
Turn   | Place    | Note
--------------------------------------------------------------
     0 | D        | Vrock the Gargoyle Gladiator began the quest for the Orb.
     0 | D        | Reached XP level 1. HP: 12/12 MP: 1/1
     3 | D        | Noticed a bag of meat
     4 | D        | Became a worshipper of Makhleb the Destroyer
     6 | D        | Noticed a bag of meat
     6 | D        | Noticed a bag of meat
     9 | D        | Noticed a bag of meat
     9 | D        | Noticed a bag of meat
     9 | D        | Killed a bag of meat
     9 | D        | Reached skill level 11 in Fighting
     9 | D        | Reached skill level 16 in Axes
     9 | D        | Reached skill level 10 in Throwing
     9 | D        | Reached skill level 15 in Dodging
     9 | D        | Reached XP level 2. HP: 14/29 MP: 2/2
     9 | D        | Reached XP level 3. HP: 16/34 MP: 3/3
     9 | D        | Reached XP level 4. HP: 18/40 MP: 4/4
     9 | D        | Reached XP level 5. HP: 19/44 MP: 5/5
     9 | D        | Reached XP level 6. HP: 21/49 MP: 6/6
     9 | D        | Reached XP level 7. HP: 23/54 MP: 7/7
     9 | D        | Reached XP level 8. HP: 25/60 MP: 8/8
     9 | D        | Reached XP level 9. HP: 26/64 MP: 9/9
     9 | D        | Reached XP level 10. HP: 28/70 MP: 10/10
     9 | D        | Reached XP level 11. HP: 29/74 MP: 11/11
     9 | D        | Reached XP level 12. HP: 31/80 MP: 12/12
     9 | D        | HP: 4/80 [bag of meat/+9 war axe (27)]
    10 | D        | Noticed a bag of meat
    10 | D        | Noticed a meat berserker
    10 | D        | Noticed a bag of meat
    10 | D        | Killed a bag of meat
    10 | D        | Acquired Makhleb's first power
    10 | D        | Reached skill level 18 in Axes
    10 | D        | Reached skill level 1 in Armour
    10 | D        | Reached XP level 13. HP: 4/88 MP: 13/13
    11 | D        | Noticed a bag of meat
    11 | D        | Noticed a bag of meat
    11 | D        | Noticed a bag of meat
    11 | D        | Killed a bag of meat
    11 | D        | Reached skill level 20 in Axes
    11 | D        | Gained mutation: Your large and strong wings let you fly indefinitely. [Gargoyle growth]
    11 | D        | Reached XP level 14. HP: 4/96 MP: 14/14
    11 | D        | Killed a bag of meat
    11 | D        | Acquired Makhleb's second power
    11 | D        | Reached skill level 15 in Fighting
    11 | D        | Reached skill level 21 in Axes
    12 | D        | Noticed a bag of meat
    12 | D        | Noticed a bag of meat
    12 | D        | Noticed a large bag of meat
    13 | D        | Noticed a bag of meat
    13 | D        | Killed a meat berserker
    13 | D        | Reached skill level 23 in Axes
    13 | D        | Reached skill level 15 in Throwing
    13 | D        | Reached XP level 15. HP: 79/105 MP: 15/15
    14 | D        | Noticed a bag of meat
    14 | D        | Noticed a bag of meat
    14 | D        | Noticed a bag of meat
    14 | D        | Noticed a bag of meat
    14 | D        | Noticed a meat berserker
    15 | D        | Noticed a bag of meat
    15 | D        | Killed a bag of meat
    15 | D        | Acquired Makhleb's third power
    15 | D        | Reached skill level 24 in Axes
    15 | D        | Reached XP level 16. HP: 109/112 MP: 16/16
    15 | D        | Killed a bag of meat
    15 | D        | Reached skill level 25 in Axes
    16 | D        | Noticed a meat berserker
    16 | D        | Noticed a bag of meat
    17 | D        | Noticed a bag of meat
    17 | D        | Killed a bag of meat
    17 | D        | Reached skill level 26 in Axes
    17 | D        | Killed a large bag of meat
    17 | D        | Acquired Makhleb's fourth power
    17 | D        | Reached XP level 17. HP: 118/122 MP: 17/17
    17 | D        | Killed a bag of meat
    17 | D        | Reached skill level 27 in Axes
    17 | D        | Killed a bag of meat
    18 | D        | Noticed a bag of meat
    18 | D        | Killed a bag of meat
    18 | D        | Acquired Makhleb's fifth power
    18 | D        | Reached skill level 27 in Dodging
    18 | D        | Killed a bag of meat
    18 | D        | Reached skill level 5 in Armour
    18 | D        | Reached XP level 18. HP: 133/138 MP: 18/18
    19 | D        | Noticed a bag of meat
    19 | D        | Noticed a bag of meat
    19 | D        | Noticed a bag of meat
    19 | D        | Noticed a bag of meat
    20 | D        | Noticed a bag of meat
    20 | D        | Noticed a bag of meat
    20 | D        | Killed a bag of meat
    20 | D        | Killed a meat berserker
    20 | D        | Reached skill level 27 in Fighting
    20 | D        | Killed a bag of meat
    20 | D        | Reached skill level 27 in Throwing
    20 | D        | Reached XP level 19. HP: 151/151 MP: 19/19
    20 | D        | Killed a bag of meat
    21 | D        | Noticed a bag of meat
    21 | D        | Noticed a bag of meat
    22 | D        | Noticed a bag of meat
    22 | D        | Noticed a bag of meat
    22 | D        | Noticed a meat berserker
    22 | D        | Killed a bag of meat
    22 | D        | Killed a bag of meat
    23 | D        | Noticed a bag of meat
    23 | D        | Noticed a large bag of meat
    24 | D        | Noticed a destroyer
    24 | D        | Killed a bag of meat
    24 | D        | Reached skill level 27 in Armour
    24 | D        | Killed a bag of meat
    24 | D        | Reached XP level 20. HP: 157/157 MP: 19/30
    24 | D        | Killed a bag of meat
    24 | D        | Reached skill level 10 in Unarmed Combat
    24 | D        | Killed a bag of meat
    24 | D        | Killed a bag of meat
    24 | D        | Reached skill level 15 in Invocations
    25 | D        | Noticed a bag of meat
    25 | D        | Noticed a bag of meat
    25 | D        | Noticed a bag of meat
    25 | D        | Noticed a bag of meat
    26 | D        | Noticed a destroyer
    26 | D        | Noticed a bag of meat
    26 | D        | Killed a meat berserker
    26 | D        | Reached skill level 15 in Spellcasting
    26 | D        | Reached XP level 21. HP: 163/163 MP: 19/40
    26 | D        | Killed a bag of meat
    26 | D        | Killed a bag of meat
    27 | D        | Noticed a meat berserker
    28 | D        | Noticed a bag of meat
    28 | D        | Noticed a bag of meat
    28 | D        | Killed a meat berserker
    28 | D        | Killed a destroyer
    28 | D        | Reached XP level 22. HP: 169/169 MP: 19/47
    28 | D        | Killed a bag of meat
    28 | D        | Reached skill level 27 in Stealth
    29 | D        | Killed a destroyer
    29 | D        | Reached skill level 27 in Invocations
    29 | D        | Killed a bag of meat
    29 | D        | Reached skill level 27 in Unarmed Combat
    29 | D        | Reached XP level 23. HP: 175/175 MP: 20/53
    29 | D        | Killed a bag of meat
    29 | D        | Reached skill level 27 in Spellcasting
    30 | D        | Noticed a bag of meat
    30 | D        | Noticed a meat berserker
    30 | D        | Noticed a large bag of meat
    30 | D        | Killed a bag of meat
    30 | D        | Killed a bag of meat
    31 | D        | Noticed a bag of meat
    31 | D        | Noticed an eight-headed meat hydra
    31 | D        | Killed a bag of meat
    31 | D        | Killed a bag of meat
    32 | D        | Killed a bag of meat
    32 | D        | Reached XP level 24. HP: 181/181 MP: 20/54
    32 | D        | Killed a large bag of meat
    33 | D        | Noticed a bag of meat
    33 | D        | Noticed a bag of meat
    33 | D        | Noticed a bag of meat
    33 | D        | Killed a bag of meat
    33 | D        | Killed a meat berserker
    34 | D        | Noticed a destroyer
    34 | D        | Noticed a destroyer
    34 | D        | Noticed a sculptor of flesh
    34 | D        | Noticed a bag of meat
    34 | D        | Noticed a large bag of meat
    34 | D        | Noticed a bag of meat
    34 | D        | Noticed a bag of meat
    35 | D        | Noticed a large bag of meat
    35 | D        | Noticed a bag of meat
    35 | D        | Noticed a bag of meat
    35 | D        | Noticed a bag of meat
    35 | D        | Noticed a bag of meat
    35 | D        | Noticed a bag of meat
    36 | D        | Noticed a bag of meat
    37 | D        | Noticed a meat berserker
    37 | D        | Killed an eight-headed meat hydra
    37 | D        | Killed a bag of meat
    38 | D        | Noticed a meat berserker
    38 | D        | Noticed a meat berserker
    38 | D        | Killed a sculptor of flesh
    38 | D        | Killed a bag of meat
    38 | D        | Killed a bag of meat
    38 | D        | Killed a bag of meat
    38 | D        | Killed a bag of meat
    38 | D        | Killed a large bag of meat
    40 | D        | Killed a destroyer
    40 | D        | Reached XP level 25. HP: 177/187 MP: 23/54
    40 | D        | Killed a meat berserker
    40 | D        | Killed a bag of meat
    41 | D        | Noticed a bag of meat
    41 | D        | Noticed a bag of meat
    41 | D        | Killed a destroyer
    42 | D        | Noticed a meat berserker
    42 | D        | Killed a bag of meat
    42 | D        | Killed a bag of meat
    43 | D        | Noticed a sculptor of flesh
    43 | D        | Noticed a meat berserker
    43 | D        | Killed a bag of meat
    43 | D        | Killed a bag of meat
    43 | D        | Reached XP level 26. HP: 193/193 MP: 23/54
    43 | D        | Killed a meat berserker
    43 | D        | Killed a meat berserker
    43 | D        | Killed a bag of meat
    44 | D        | Noticed a destroyer
    44 | D        | Noticed a bag of meat
    44 | D        | Noticed a destroyer
    44 | D        | Noticed a bag of meat
    44 | D        | Killed a bag of meat
    44 | D        | Killed a meat berserker
    45 | D        | Noticed a bag of meat
    45 | D        | Noticed a meat berserker
    45 | D        | Killed a bag of meat
    45 | D        | Killed a destroyer
    45 | D        | Reached XP level 27. HP: 199/199 MP: 24/54
    46 | D        | Killed a bag of meat
    47 | D        | Noticed a large bag of meat
    47 | D        | Noticed a bag of meat
    47 | D        | Killed a destroyer
    47 | D        | Killed a bag of meat
    47 | D        | Killed a large bag of meat
    48 | D        | Noticed a meat berserker
    48 | D        | Noticed a bag of meat
    48 | D        | Noticed a bag of meat
    48 | D        | Noticed a destroyer
    49 | D        | Killed a bag of meat
    49 | D        | Killed a destroyer
    49 | D        | Killed a meat berserker
    49 | D        | Killed a large bag of meat
    50 | D        | Noticed a tyrant
    50 | D        | Killed a meat berserker
    50 | D        | Killed a bag of meat
    50 | D        | Killed a bag of meat
    51 | D        | Noticed an accursed
    51 | D        | Noticed a destroyer
    52 | D        | Noticed a meat berserker
    52 | D        | Noticed an accursed
    52 | D        | Noticed a bag of meat
    52 | D        | Noticed a bag of meat
    52 | D        | Killed a meat berserker
    52 | D        | Killed a bag of meat
    52 | D        | Killed a bag of meat
    52 | D        | Killed a destroyer
    53 | D        | Noticed a bag of meat
    53 | D        | Noticed a large bag of meat
    53 | D        | Noticed a meat berserker
    53 | D        | Noticed a meat berserker
    53 | D        | Noticed a tyrant
    54 | D        | Killed a meat berserker
    54 | D        | Killed a bag of meat
    54 | D        | Killed a bag of meat
    54 | D        | Killed a bag of meat
    55 | D        | Noticed a meat berserker
    55 | D        | Noticed a bag of meat
    55 | D        | Killed a meat berserker
    56 | D        | Noticed a bag of meat
    56 | D        | Killed a meat berserker
    57 | D        | Noticed a destroyer
    57 | D        | Noticed an accursed
    58 | D        | Noticed a bag of meat
    58 | D        | Killed a meat berserker
    58 | D        | Killed a bag of meat
    58 | D        | Killed a bag of meat
    58 | D        | Killed a bag of meat
    59 | D        | Noticed a meat beast
    60 | D        | Killed a meat berserker
    60 | D        | Killed an accursed
    60 | D        | Killed a large bag of meat
    62 | D        | Noticed a meat berserker
    62 | D        | Noticed a meat berserker
    62 | D        | Noticed a bag of meat
    62 | D        | Killed a meat beast
    62 | D        | Killed a destroyer
    62 | D        | Killed a bag of meat
    62 | D        | Killed a bag of meat
    62 | D        | Killed a sculptor of flesh
    63 | D        | Noticed a bag of meat
    63 | D        | Killed a tyrant
    63 | D        | Killed a meat berserker
    63 | D        | Killed a bag of meat
    65 | D        | Noticed a meat berserker
    65 | D        | Killed a tyrant
    65 | D        | Killed a large bag of meat
    66 | D        | Killed a bag of meat
    66 | D        | Killed a meat berserker
    66 | D        | Killed a bag of meat
    67 | D        | Noticed a dread
    67 | D        | Noticed a meat beast
    67 | D        | Noticed a bag of meat
    67 | D        | Noticed a bag of meat
    68 | D        | Killed an accursed
    68 | D        | Killed a meat beast
    68 | D        | Killed a bag of meat
    68 | D        | Killed a bag of meat
    68 | D        | Killed a bag of meat
    69 | D        | Noticed a bag of meat
    70 | D        | Noticed an accursed
    70 | D        | Noticed a bag of meat
    70 | D        | Killed a bag of meat
    70 | D        | Killed an accursed
    71 | D        | Noticed a meat beast
    71 | D        | Noticed a meat berserker
    71 | D        | Killed a meat berserker
    71 | D        | Killed a bag of meat
    72 | D        | Noticed a bag of meat
    73 | D        | Noticed a destroyer
    73 | D        | Killed a bag of meat
    73 | D        | Killed a meat beast
    74 | D        | Noticed a tyrant
    74 | D        | Noticed a destroyer
    74 | D        | Noticed a meat beast
    74 | D        | Noticed a meat berserker
    75 | D        | Noticed a meat berserker
    75 | D        | Noticed a meat berserker
    75 | D        | Noticed a dread
    75 | D        | Killed a meat berserker
    75 | D        | Killed a destroyer
    75 | D        | Noticed a bag of meat
    76 | D        | Noticed an eight-headed meat hydra
    76 | D        | Noticed a dread
    76 | D        | Noticed a bag of meat
    76 | D        | Noticed a sculptor of flesh
    76 | D        | Noticed a bag of meat
    77 | D        | Noticed a bag of meat
    77 | D        | Killed a dread
    77 | D        | Killed a meat beast
    78 | D        | Noticed a bag of meat
    79 | D        | Noticed a meat beast
    79 | D        | Noticed a meat beast
    79 | D        | Killed a dread
    79 | D        | Killed a meat berserker
    79 | D        | Killed a bag of meat
    81 | D        | Noticed a meat beast
    81 | D        | Killed a bag of meat
    81 | D        | Killed a bag of meat
    81 | D        | Killed a meat berserker
    83 | D        | Killed a meat berserker
    83 | D        | Killed an accursed
    84 | D        | Killed a wretched soul
    84 | D        | Killed a meat beast
    85 | D        | Killed a tyrant
    85 | D        | Killed a meat beast
    86 | D        | Noticed a meat beast
    88 | D        | Noticed a meat berserker
    88 | D        | Killed a bag of meat
    88 | D        | Killed a meat beast
    89 | D        | Killed a bag of meat
    90 | D        | Killed a sculptor of flesh
    91 | D        | Killed a dread
    92 | D        | Noticed a meat berserker
    92 | D        | Noticed a meat berserker
    92 | D        | Killed a destroyer
    93 | D        | Noticed a meat berserker
    93 | D        | Noticed a meat beast
    94 | D        | Noticed a destroyer
    94 | D        | Noticed a bag of meat
    95 | D        | Noticed a bag of meat
    95 | D        | Noticed a bag of meat
    95 | D        | Noticed a bag of meat
    95 | D        | Noticed a bag of meat
    96 | D        | Noticed a bag of meat
    97 | D        | Killed a meat berserker
    97 | D        | Killed a meat berserker
    97 | D        | Killed a wretched soul
    99 | D        | Noticed a bag of meat
   100 | D        | Killed a meat beast
   100 | D        | Noticed a bag of meat
   104 | D        | Killed a meat beast
   105 | D        | Noticed an observer
   106 | D        | Killed a bag of meat
   107 | D        | Killed a destroyer
   109 | D        | Killed an observer
   110 | D        | Noticed a wretched soul
   110 | D        | Noticed a wretched soul
   110 | D        | Noticed a dread
   110 | D        | Noticed a bag of meat
   110 | D        | Killed a meat berserker
   110 | D        | Killed a bag of meat
   113 | D        | Killed a bag of meat
   114 | D        | Noticed a sculptor of flesh
   114 | D        | Noticed a meat berserker
   114 | D        | Killed a bag of meat
   122 | D        | Killed a bag of meat
   123 | D        | Noticed a tyrant
   124 | D        | Killed a bag of meat
   124 | D        | Killed a wretched soul
   125 | D        | Killed a meat berserker
   125 | D        | Killed a bag of meat
   125 | D        | Killed a bag of meat
   126 | D        | Killed a bag of meat
   127 | D        | Noticed a fleshlord
   127 | D        | Killed a sculptor of flesh
   127 | D        | Killed a bag of meat
   127 | D        | Killed a bag of meat
   129 | D        | Killed a bag of meat
   131 | D        | Noticed an observer
   131 | D        | Killed a dread
   132 | D        | Noticed a wretched soul
   133 | D        | Noticed a fleshlord
   133 | D        | Noticed a meat berserker
   133 | D        | Noticed a sculptor of flesh
   133 | D        | Noticed a bag of meat
   133 | D        | Noticed a bag of meat
   133 | D        | Noticed a bag of meat
   133 | D        | Noticed a meat berserker
   134 | D        | Noticed an accursed
   134 | D        | Noticed a bag of meat
   135 | D        | Killed a meat berserker
   136 | D        | Noticed a bag of meat
   136 | D        | Killed a meat berserker
   136 | D        | Killed a meat berserker
   137 | D        | Noticed an eight-headed meat hydra
   137 | D        | Annihilated by a fleshlord

Vault maps used:
D:        meatsprint

Action                   |  1- 3 |  4- 6 |  7- 9 | 10-12 | 13-15 | 16-18 | 19-21 | 22-24 | 25-27 || total
-------------------------+-------+-------+-------+-------+-------+-------+-------+-------+-------++-------
Melee: Executioner's axe |     1 |       |       |     1 |     3 |     3 |     4 |     8 |    53 ||    73
  Use: Scroll            |       |       |       |       |       |       |       |       |     1 ||     1
       Potion            |       |       |       |       |       |       |       |       |     1 ||     1
